Map: Kairos Junction LE

Players

ZeroDashZero - Winner!

  • Race: Zerg Zerg
  • League: Diamond
  • Spawn Location: 5:00

DeathKnight

  • Race: Terran Terran
  • League: Diamond
  • Spawn Location: 11:00

VOD

Have the link to the VOD?

Description

Time

  • Played on: Feb. 7, 2019, 12:25 a.m.
  • Length: 39:30
Show
View Real Time Build Order
Export as new Build Order

ZeroDashZero Zerg - Winner!

Build Orders: Hatch First 

Get SALT Encoding   

  12  0:01  Drone  
  13  0:09  Drone  
  14  0:22  Overlord, Extractor  
  14  0:23  Drone  
  15  0:41  Drone  
  15  0:42  Drone  
  17  0:55  Hatchery  
  16  0:57  Drone  
  16  1:00  Drone, Extractor  
  17  1:15  Spawning Pool  
  17  1:17  Drone  
  17  1:26  Drone  
  17  1:29  Drone  
  19  1:39  Drone  
  20  1:51  Overlord  
  20  2:03  Metabolic Boost  
  20  2:04  Queen  
  20  2:07  Queen  
  24  2:14  Zergling x4  
  26  2:28  Hatchery  
  25  2:35  Drone x2  
  27  2:37  Drone  
  28  2:49  Drone x3  
  31  2:51  Drone  
  31  2:57  Overlord  
  32  3:19  Overlord  
  32  3:21  Drone x3  
  32  3:22  Drone  
  32  3:25  Extractor  
  35  3:30  Extractor  
  35  3:31  Queen  
  37  3:40  Drone x4  
  37  3:41  Overlord  
  41  3:58  Baneling Nest  
  41  3:59  Overlord  
  41  4:02  Drone  
  41  4:03  Drone x7  
  41  4:04  Drone  
  49  4:12  Queen  
  51  4:22  Zergling x12  
  57  4:29  Lair  
  57  4:32  Extractor  
  56  4:45  Baneling  
  56  4:46  Baneling x2  
  56  4:50  Drone x5  
  56  4:51  Overlord  
  61  5:05  Drone x4  
  61  5:06  Overlord, Drone  
  66  5:14  Spore Crawler  
  65  5:16  Drone, Spore Crawler  
  65  5:19  Spore Crawler  
  64  5:27  Overlord x2  
  64  5:31  Queen  
  64  5:32  Overlord x2  
  66  5:36  Drone x3  
  66  5:37  Drone x3  
  66  5:39  Overlord x3  
  72  5:45  Hydralisk Den  
  71  5:58  Zergling x12, Extractor  
  71  5:59  Extractor  
  71  6:00  Overseer  
  75  6:12  Drone x2  
  75  6:13  Drone x3  
  63  6:41  Drone x2  
  63  6:42  Drone x7  
  63  6:44  Muscular Augments  
  72  7:00  Queen  
  74  7:02  Drone x3  
  74  7:05  Hatchery  
  74  7:07  Queen  
  78  7:08  Queen  
  78  7:14  Infestation Pit  
  79  7:16  Zergling x2  
  79  7:17  Zergling x2  
  79  7:19  Baneling x4  
  81  7:27  Hatchery  
  76  7:46  Extractor  
  76  7:50  Drone x5, Evolution Chamber  
  76  7:51  Evolution Chamber  
  78  7:54  Drone  
  78  7:55  Overseer  
  78  7:59  Hydralisk  
  78  8:00  Hydralisk x2  
  84  8:20  Hydralisk x6  
  84  8:21  Hydralisk x3  
  84  8:23  Pathogen Glands  
  84  8:25  Overseer  
  102  8:27  Overseer  
  102  8:29  Drone x4  
  106  8:34  Queen  
  106  8:36  Zerg Missile Weapons Level 1, Zerg Melee Weapons Level 1  
  106  8:38  Centrifical Hooks  
  106  8:40  Grooved Spines  
  108  8:50  Baneling x5  
  108  8:58  Queen  
  110  9:04  Drone  
  110  9:06  Drone x5  
  116  9:10  Overlord  
  116  9:11  Overlord  
  116  9:12  Overlord x2  
  116  9:13  Overlord  
  116  9:33  Roach Warren  
  115  9:40  Hydralisk x5  
  115  9:41  Hydralisk  
  124  10:13  Zergling x10  
  124  10:14  Zergling x12  
  125  10:35  Hive  
  125  10:36  Hatchery  
  125  10:37  Glial Reconstitution  
  125  10:42  Zerg Melee Weapons Level 2  
  124  10:43  Zerg Ground Armor Level 1  
  124  10:46  Hatchery, Drone  
  124  10:47  Drone  
  125  10:50  Spire  
  124  10:59  Baneling x6  
  124  11:00  Baneling x6  
  124  11:04  Pneumatized Carapace  
  124  11:27  Hydralisk x4  
  124  11:28  Hydralisk x5  
  124  11:30  Extractor  
  124  11:31  Extractor  
  140  11:37  Zergling x2  
  140  11:38  Zergling x18  
  143  11:59  Roach x5  
  143  12:00  Roach x4  
  154  12:31  Overlord x5  
  154  12:34  Adrenal Glands  
  154  12:37  Roach x5  
  158  12:39  Overlord x5  
  158  12:40  Overlord, Overseer  
  158  12:41  Overseer  
  164  12:54  Drone x3  
  164  12:55  Drone x4  
  164  12:56  Drone x5  
  164  12:57  Queen  
  180  13:05  Viper x4  
  180  13:06  Viper  
  195  13:13  Spire  
  194  13:21  Hatchery  
  191  13:43  Drone  
  191  13:44  Drone x2  
  191  13:45  Drone x3  
  197  13:57  Hatchery, Roach  
  197  13:58  Roach  
  156  14:34  Roach  
  156  14:35  Roach x8  
  156  14:36  Roach x6  
  164  15:05  Hydralisk  
  164  15:06  Hydralisk x7  
  164  15:07  Hydralisk x5  
  176  15:12  Hatchery  
  189  15:19  Zerg Melee Weapons Level 3, Zerg Missile Weapons Level 2  
  187  15:21  Ultralisk Cavern  
  184  15:40  Roach x2  
  184  15:41  Roach x4  
  184  15:42  Hydralisk x6  
  200  16:14  Extractor  
  200  16:16  Extractor  
  196  16:59  Extractor x2  
  166  17:38  Roach x2  
  166  17:39  Roach x7  
  166  17:40  Roach x6  
  166  17:43  Viper x2  
  178  18:09  Viper x3  
  178  18:10  Viper  
  154  18:19  Zergling x8  
  134  18:20  Zergling x24  
  134  18:21  Zergling x2  
  139  18:48  Zerg Missile Weapons Level 3, Zerg Ground Armor Level 2  
  139  18:49  Greater Spire  
  139  18:52  Chitinous Plating  
  139  19:01  Roach  
  139  19:02  Roach x7  
  157  19:03  Roach x4, Ultralisk x2  
  157  19:04  Ultralisk x3  
  193  19:13  Nydus Network  
  193  19:14  Overseer x2  
  183  19:31  Queen  
  176  19:47  Spine Crawler  
  176  19:49  Spine Crawler  
  174  19:56  Hydralisk x6  
  174  19:57  Hydralisk x2  
  190  20:11  Zergling x10  
  190  20:12  Zergling x4  
  193  20:24  Hatchery  
  192  20:33  Neural Parasite  
  192  20:34  Zerg Flyer Weapons Level 1  
  192  20:36  Zerg Flyer Armor Level 1  
  182  21:08  Hatchery  
  181  21:13  Drone x3  
  181  21:14  Drone x3  
  186  21:39  Spine Crawler x2  
  186  21:40  Roach x6  
  186  21:41  Roach, Spine Crawler  
  186  21:42  Overlord x2  
  186  21:43  Overlord x2  
  169  21:57  Zergling x2  
  169  21:58  Hydralisk x5, Zergling x12  
  169  21:59  Hydralisk x2  
  169  22:00  Roach x2  
  169  22:01  Roach  
  191  22:05  Zerg Ground Armor Level 3  
  176  22:28  Roach x5  
  176  22:29  Roach x6, Hydralisk  
  159  22:30  Hydralisk x7, Roach x2  
  159  22:31  Hydralisk x5  
  159  22:36  Ultralisk x3  
  166  22:39  Viper  
  166  22:41  Viper  
  172  22:45  Viper  
  161  23:34  Overseer  
  161  23:35  Overseer  
  131  23:58  Drone x7  
  131  23:59  Drone x5  
  139  24:17  Extractor  
  139  24:20  Queen  
  140  24:30  Drone x3  
  140  24:31  Overseer  
  143  24:44  Roach x5  
  143  24:45  Roach x11  
  175  24:51  Extractor  
  174  24:53  Hatchery  
  174  24:54  Extractor  
  167  25:02  Drone  
  167  25:03  Drone x7  
  167  25:04  Drone x5  
  175  25:32  Queen  
  168  25:58  Roach x5  
  168  25:59  Roach x5  
  173  26:18  Hydralisk x2  
  173  26:19  Hydralisk x7  
  173  26:20  Hydralisk x5  
  173  26:22  Zergling x2  
  173  26:23  Zergling x4  
  142  26:39  Roach x5  
  142  26:40  Roach x2  
  142  26:43  Drone x2  
  142  26:45  Drone  
  97  27:26  Viper x4  
  103  27:33  Drone x6  
  103  27:34  Drone x5  
  103  27:36  Drone  
  103  27:37  Drone x7  
  117  27:38  Drone x2  
  117  27:43  Extractor  
  123  28:03  Hydralisk x3  
  123  28:04  Hydralisk x2  
  120  28:40  Roach  
  120  28:41  Roach x8  
  130  28:42  Roach x6  
  111  29:10  Hatchery  
  111  29:17  Hydralisk x7  
  106  29:18  Hydralisk  
  122  29:28  Drone x3  
  122  29:29  Drone  
  108  29:56  Roach x2  
  108  29:57  Roach x7  
  122  30:05  Queen  
  124  30:20  Viper x2  
  124  30:21  Viper x3  
  139  30:28  Overseer x2  
  139  30:29  Overseer  
  139  30:32  Queen  
  129  30:59  Drone x7  
  129  31:00  Drone x7  
  129  31:01  Drone  
  140  31:28  Drone x3  
  140  31:29  Drone x2  
  128  32:01  Drone x2  
  128  32:02  Drone x6  
  128  32:03  Queen  
  130  32:23  Hydralisk  
  130  32:24  Hydralisk x6  
  130  32:25  Hydralisk x4  
  148  32:36  Hydralisk x4  
  148  32:37  Hydralisk x6  
  158  32:48  Hatchery  
  157  32:59  Roach x6  
  157  33:00  Roach x2  
  166  33:31  Roach x6, Hydralisk x2  
  166  33:32  Roach  
  184  33:34  Overlord x3  
  180  34:04  Viper x4  
  192  34:11  Drone x4  
  192  34:12  Drone x4  
  197  34:21  Queen  
  195  34:28  Spine Crawler  
  195  34:30  Spine Crawler  
  195  34:31  Drone x5  
  195  34:32  Spine Crawler  
  195  34:36  Extractor  
  184  34:57  Drone x4  
  184  34:58  Drone x4  
  192  35:06  Drone x2  
  192  35:07  Drone  
  195  35:19  Queen  
  156  35:45  Roach  
  156  35:46  Roach x8  
  156  35:47  Roach x8, Hydralisk  
  170  36:04  Roach  
  170  36:05  Roach x6  
  170  36:06  Roach x3  
  190  36:20  Overseer x2  
  190  36:21  Overseer x2  
  190  36:25  Overlord  
  190  36:26  Overlord  
  190  36:29  Spine Crawler  
  190  36:31  Spine Crawler x2  
  168  36:51  Zergling x12  
  168  36:52  Zergling x22  
  168  36:53  Zergling x8  
  177  37:07  Viper x3  
  177  37:08  Viper x2  
  192  37:31  Overlord x2  
  192  37:43  Hatchery  
  179  38:08  Hydralisk x4  
  179  38:09  Hydralisk x2  
  179  38:10  Roach x5  
  179  38:11  Roach  
  193  38:23  Extractor  
  193  38:24  Extractor  
  191  38:28  Zergling x4  
  191  38:29  Zergling x14  
Show
View Real Time Build Order
Export as new Build Order

DeathKnight Terran 

Build Orders: Command Center First (CC), Liberator Opening, Mech 

Get SALT Encoding   

  12  0:01  SCV  
  13  0:13  SCV  
  14  0:25  SCV  
  14  0:27  Supply Depot  
  15  0:55  Command Center  
  15  1:07  Barracks  
  15  1:10  SCV  
  16  1:22  SCV  
  17  1:28  Refinery  
  17  1:31  Refinery  
  17  1:34  SCV  
  18  1:48  SCV  
  19  1:56  Bunker, Marine  
  19  2:00  Orbital Command  
  20  2:13  Marine  
  21  2:20  Orbital Command  
  21  2:27  Bunker  
  21  2:31  Marine  
  21  2:36  Orbital Command  
  22  2:38  Factory  
  22  2:45  Refinery  
  22  2:57  SCV  
  23  3:00  Marine  
  23  3:04  SCV  
  25  3:09  SCV  
  26  3:16  SCV  
  26  3:19  Refinery  
  27  3:27  SCV, Barracks Reactor  
  27  3:28  Starport  
  27  3:33  SCV, Supply Depot  
  29  3:35  Factory Tech Lab  
  29  3:39  SCV  
  30  3:45  SCV  
  31  3:55  Siege Tank  
  31  3:57  Liberator x2  
  31  3:58  SCV x2  
  36  4:08  Supply Depot  
  36  4:12  Barracks Reactor  
  42  4:19  SCV x2  
  44  4:39  Liberator, Factory  
  44  4:40  SCV, Liberator  
  44  4:44  Infernal Pre-Igniter  
  45  4:49  SCV  
  45  4:52  SCV  
  53  5:07  Barracks Tech Lab  
  53  5:10  SCV  
  54  5:15  Supply Depot  
  54  5:17  Engineering Bay  
  54  5:18  Armory  
  54  5:36  SCV x2, Supply Depot, Hellion x3  
  54  5:42  Supply Depot  
  62  5:54  Barracks Tech Lab  
  62  5:56  Armory  
  62  5:57  SCV  
  62  5:59  Supply Depot x2  
  62  6:01  Supply Depot  
  63  6:06  SCV  
  63  6:09  SCV  
  65  6:18  SCV  
  65  6:21  SCV  
  67  6:30  SCV  
  62  6:33  SCV  
  60  6:42  SCV, Hellion x3  
  60  6:44  Terran Vehicle Weapons Level 1  
  60  6:45  Terran Ship Weapons Level 1  
  60  6:46  SCV  
  68  6:52  Command Center  
  68  6:53  Missile Turret  
  68  6:55  SCV  
  68  6:58  SCV  
  70  7:07  SCV  
  70  7:08  Hellion x3  
  77  7:10  SCV  
  78  7:19  SCV  
  78  7:22  SCV  
  80  7:29  Hellion  
  84  7:30  Hellion  
  84  7:31  SCV  
  84  7:34  SCV  
  80  7:43  SCV  
  81  7:46  SCV  
  81  7:50  Siege Tank  
  85  7:55  SCV, Factory  
  85  7:57  Factory  
  87  7:58  SCV  
  87  7:59  Factory  
  87  8:02  Missile Turret  
  87  8:03  Bunker  
  87  8:07  SCV  
  87  8:10  SCV, Missile Turret  
  89  8:18  Hellion x2  
  89  8:19  SCV  
  94  8:22  SCV, Siege Tank  
  94  8:23  Supply Depot x2  
  94  8:26  Planetary Fortress  
  98  8:43  SCV x2  
  98  8:46  Missile Turret  
  98  8:47  Refinery, Marine  
  101  8:54  Siege Tank  
  104  8:55  SCV x2  
  104  8:57  Terran Vehicle Weapons Level 2  
  104  8:58  Terran Vehicle And Ship Armor Level 1  
  104  9:02  Supply Depot  
  106  9:03  Refinery  
  106  9:05  Supply Depot, Factory Tech Lab x2, Marine  
  107  9:21  SCV x2  
  107  9:22  SCV, Marine  
  111  9:27  Supply Depot  
  111  9:29  Starport  
  111  9:33  SCV  
  111  9:34  SCV x2  
  114  9:39  Command Center  
  114  9:40  Marine  
  115  9:57  SCV x2  
  115  9:58  Marine  
  118  10:03  Thor x2  
  118  10:04  Hellion x2  
  134  10:07  Liberator x2  
  113  10:16  SCV, Marine  
  113  10:17  SCV  
  113  10:18  Siege Tank x2  
  123  10:29  Missile Turret  
  123  10:32  Supply Depot  
  123  10:34  Supply Depot  
  123  10:37  Supply Depot  
  123  10:39  Supply Depot x2  
  123  10:40  Supply Depot  
  123  10:41  Hellion x2  
  127  10:46  Thor x2  
  139  10:55  Sensor Tower  
  139  10:59  Planetary Fortress  
  139  11:02  Refinery  
  139  11:05  Missile Turret  
  139  11:07  Refinery, Thor, Siege Tank  
  139  11:08  Hellion  
  150  11:14  Sensor Tower  
  150  11:26  SCV x2  
  148  11:44  SCV  
  148  11:46  Smart Servos  
  145  11:47  Drilling Claws  
  141  12:11  Siege Tank  
  141  12:12  Siege Tank x3  
  141  12:13  Hellion x2  
  141  12:15  SCV  
  158  12:23  SCV x2  
  158  12:24  Liberator  
  158  12:25  Liberator  
  158  12:28  Command Center  
  160  12:41  Hellion x2  
  160  12:43  SCV x2, Thor x2  
  184  12:44  Thor, Siege Tank  
  184  12:49  SCV x2  
  195  12:55  SCV  
  196  12:59  Command Center  
  196  13:02  Hellion x2  
  200  13:24  Medivac  
  154  14:33  Thor  
  154  14:34  Thor, Hellion x3  
  169  14:46  SCV x2  
  169  14:51  SCV x2  
  169  14:52  Thor, Missile Turret  
  179  14:55  Thor  
  179  14:56  Hellion x2  
  179  14:58  SCV x2  
  179  14:59  Planetary Fortress  
  191  15:13  Missile Turret  
  191  15:14  SCV x2  
  193  15:19  Command Center  
  193  15:22  Thor  
  193  15:23  Command Center  
  199  15:35  Liberator x2  
  168  15:47  Thor x2, Hellion  
  168  15:48  Hellion  
  168  15:49  SCV x2  
  178  15:53  SCV x2  
  186  16:01  SCV x2  
  188  16:08  Terran Vehicle Weapons Level 3  
  188  16:09  Terran Vehicle And Ship Armor Level 2  
  188  16:11  Hi-Sec Auto Tracking  
  163  16:27  Liberator  
  163  16:28  Liberator  
  162  16:35  Thor  
  162  16:36  Thor x2, Hellion x3  
  162  16:39  SCV  
  193  16:53  Refinery  
  193  16:55  Refinery  
  193  16:57  Thor, Hellion x2  
  193  17:14  Missile Turret  
  193  17:19  Hellion x3  
  175  17:39  Missile Turret  
  175  17:40  Thor, Siege Tank x3, Hellion x2  
  194  17:51  SCV  
  195  18:01  Command Center  
  195  18:03  Command Center  
  195  18:04  Command Center  
  179  18:08  Hellion  
  179  18:12  Thor, Siege Tank  
  163  18:16  Thor  
  163  18:17  Hellion  
  149  18:23  Hellion  
  133  18:29  SCV x2  
  133  18:30  Hellion  
  133  18:31  Planetary Fortress  
  137  18:38  Hellion  
  139  18:42  Missile Turret  
  139  18:44  Thor x2  
  139  18:46  Missile Turret x2  
  151  18:51  Hellion  
  151  18:55  Thor  
  159  19:00  Refinery, Hellion x2  
  159  19:02  Liberator  
  163  19:03  Liberator  
  163  19:04  Missile Turret  
  163  19:12  Hellion  
  165  19:20  Thor  
  165  19:21  Hellion  
  165  19:23  Refinery  
  179  19:25  Missile Turret  
  179  19:27  Hellion, Siege Tank  
  184  19:34  Hellion  
  184  19:38  Siege Tank  
  187  19:42  Hellion  
  187  19:44  SCV x2  
  183  19:48  Thor  
  183  19:52  Orbital Command x3  
  189  19:55  Hellion  
  189  19:59  Thor  
  197  20:02  Medivac  
  199  20:40  Terran Vehicle And Ship Armor Level 3  
  199  20:41  Terran Ship Weapons Level 2  
  195  20:51  SCV x2  
  193  21:02  Command Center  
  193  21:20  Thor  
  174  21:51  Thor  
  174  21:52  Hellion x2  
  181  21:58  Thor  
  181  21:59  Hellion  
  189  22:03  Hellion  
  191  22:13  Command Center  
  191  22:15  Command Center  
  191  22:19  Thor  
  165  22:31  Thor, Hellion x2  
  165  22:35  Hellion  
  151  22:39  SCV x2  
  151  22:40  Refinery  
  151  22:41  Thor  
  159  22:45  Medivac x2  
  161  22:53  Hellion x2  
  161  22:55  Thor  
  171  23:02  Thor  
  171  23:14  Hellion x3  
  177  23:24  Thor  
  183  23:35  Thor, Hellion  
  183  23:36  Hellion  
  183  23:38  Thor  
  199  23:45  Thor  
  148  23:57  Hellion  
  131  24:05  Hellion x2  
  131  24:07  Siege Tank  
  128  24:12  SCV  
  128  24:13  SCV  
  128  24:14  Planetary Fortress  
  128  24:16  Hellion  
  132  24:18  Siege Tank, Hellion  
  132  24:21  Siege Tank  
  140  24:25  Refinery  
  140  24:28  Siege Tank  
  144  24:31  SCV x2  
  144  24:37  Hellion  
  147  24:39  Siege Tank  
  147  24:40  Hellion  
  147  24:42  SCV x2  
  154  24:50  Siege Tank  
  157  24:53  Siege Tank  
  160  25:00  Thor  
  160  25:03  SCV x2  
  160  25:04  Hellion x2  
  172  25:10  SCV  
  172  25:11  SCV, Siege Tank  
  172  25:14  SCV x2  
  173  25:21  Command Center  
  173  25:22  Thor  
  179  25:29  SCV x2  
  179  25:30  Siege Tank, Hellion x2  
  179  25:31  SCV x2  
  190  25:43  Thor  
  190  25:45  Siege Tank  
  193  25:52  Hellion  
  191  26:02  Thor  
  197  26:08  Hellion  
  184  26:25  Thor, Liberator x2  
  171  26:26  Hellion  
  171  26:30  SCV  
  171  26:31  SCV  
  159  26:35  Planetary Fortress, Missile Turret  
  159  26:41  Thor x2, Hellion  
  159  26:45  Hellion  
  181  26:55  Refinery  
  179  27:06  Thor  
  179  27:07  Hellion  
  179  27:08  Thor, Hellion  
  195  27:11  SCV x2  
  185  27:19  Refinery  
  157  27:23  Thor  
  157  27:24  Thor  
  157  27:29  SCV, Hellion  
  158  27:42  Hellion  
  158  27:43  Missile Turret  
  160  27:44  Orbital Command x2  
  160  27:49  Siege Tank  
  160  27:50  Thor  
  169  28:00  Hellion  
  169  28:03  Hellion  
  173  28:07  Thor, Siege Tank  
  182  28:21  Thor  
  182  28:22  Hellion  
  182  28:23  SCV x2  
  182  28:25  Hellion  
  188  28:27  SCV x2  
  192  28:34  Hellion  
  192  28:38  Thor  
  198  28:43  Hellion  
  198  28:46  Hellion  
  198  28:49  Thor  
  198  28:54  SCV  
  198  28:55  Siege Tank  
  182  29:04  Thor  
  182  29:05  Hellion  
  182  29:07  Hellion  
  186  29:12  SCV  
  187  29:26  Command Center  
  179  29:52  Thor, Hellion  
  145  30:02  Thor  
  145  30:03  Thor, Hellion x2  
  145  30:04  SCV x2  
  165  30:14  Hellion  
  165  30:20  SCV  
  166  30:24  Thor, Hellion  
  174  30:32  Missile Turret  
  174  30:34  Refinery x2  
  174  30:35  Missile Turret x2, Hellion  
  176  30:36  Hellion  
  178  30:45  Thor, Siege Tank  
  185  31:04  Thor, Hellion x2  
  183  31:05  SCV x2  
  183  31:07  Hellion  
  195  31:23  Planetary Fortress  
  195  31:32  Hellion x2  
  199  31:35  Terran Ship Weapons Level 3  
  199  31:37  Mag-Field Accelerator  
  139  32:00  Cyclone x4  
  137  32:01  Hellion  
  137  32:02  SCV, Hellion  
  137  32:03  SCV  
  143  32:23  Hellion x2  
  135  32:32  Cyclone x2, Thor, Hellion  
  144  32:44  Hellion x2  
  144  32:45  Command Center  
  148  32:53  Thor  
  154  33:04  Cyclone x2  
  160  33:06  Hellion x2  
  162  33:15  Hellion  
  146  33:27  Hellion x2  
  150  33:36  Cyclone x2  
  150  33:41  Missile Turret  
  156  33:45  Missile Turret  
  153  34:03  Missile Turret  
  153  34:07  Cyclone x2  
  153  34:08  Hellion x4  
  141  34:57  Cyclone x3  
  141  34:58  Cyclone  
  141  34:59  SCV x2  
  152  35:04  Planetary Fortress  
  144  35:29  Cyclone x2  
  144  35:30  Cyclone x2  
  117  36:01  Cyclone  
  117  36:02  Cyclone, Siege Tank x2  
  117  36:03  Hellion x2  
  133  36:17  SCV x2  
  135  36:24  Hellion  
  135  36:25  Hellion  
  139  36:33  Cyclone  
  139  36:34  Cyclone x2, Hellion  
  150  36:46  Hellion x2  
  120  36:56  Hellion  
  100  37:06  Thor, Hellion x2  
  100  37:07  Hellion x2  
  114  37:12  Hellion x2  
  114  37:16  Thor  
  120  37:27  Thor, Hellion  
  120  37:29  Hellion x2  
  131  37:48  Siege Tank  
  131  37:49  Siege Tank  
  137  37:59  Thor  
  137  38:09  Thor  
  323  38:20  Medivac x2  
  125  38:21  Siege Tank x2  
  125  38:23  Hellion x2  
  139  38:42  Siege Tank  
  139  38:45  Hellion x2  
  146  38:53  Siege Tank  
  161  39:06  Hellion x2  
Tags
 
Add a new tag
Caveats
  • Supply blocks, unpowered buildings, or Contaminate may cause inaccurate times.
  • Supply counts are checked every 10 seconds.